 Dungeon Crawl Stone Soup version 0.30-a0-360-g447f08457e (webtiles) character file.

Game seed: 3544873083336503218

3052 pokeman the Thaumaturge (level 9, -1/48 HPs)
             Began as a Deep Elf Hedge Wizard on Nov 13, 2022.
             Killed by divine providence
             ... invoked by an orc priest
              (15 damage)
             ... on level 7 of the Dungeon.
             The game lasted 00:18:39 (7847 turns).

pokeman the Thaumaturge (Deep Elf Hedge Wizard)     Turns: 7847, Time: 00:18:39

Health: -1/48      AC: 14    Str:  7    XL:     9   Next: 57%
Magic:  26/26      EV: 13    Int: 24    God:
Gold:   356        SH:  0    Dex: 14    Spells: 16/31 levels left

rFire   + . .      SeeInvis .    f - +1 dagger (venom)
rCold   . . .      Faith    .    (no shield)
rNeg    . . .      Spirit   .    J - +0 steam dragon scales
rPois   .          Reflect  .    E - +0 helmet
rElec   .          Harm     .    o - +1 cloak
rCorr   .          Rampage  .    (no gloves)
Will    .....                    F - +0 pair of boots
Stlth   ++........               L - amulet of magic regeneration
HPRegen 0.28/turn                A - +4 ring of protection
MPRegen 0.60/turn                u - ring of protection from fire

@: no status effects
A: no striking features
a: no special abilities


You were on level 7 of the Dungeon.
You visited 2 branches of the dungeon, and saw 8 of its levels.

You collected 412 gold pieces.
You spent 56 gold pieces at shops.

Inventory:

Hand Weapons
 f - a +1 dagger of venom (weapon)
 v - a +3 quarterstaff of chaos
Missiles
 G - 6 curare-tipped darts
Armour
 o - a +1 cloak (worn)
 E - a +0 helmet (worn)
 F - a +0 pair of boots (worn)
 J - +0 steam dragon scales (worn)
Magical Staves
 y - a staff of fire
Jewellery
 a - a +6 ring of dexterity
 s - an amulet of the acrobat
 u - a ring of protection from fire (right hand)
 A - a +4 ring of protection (left hand)
 L - an amulet of magic regeneration (around neck)
Wands
 g - a wand of iceblast (4)
Scrolls
 c - 2 scrolls of immolation {unknown}
 e - a scroll of silence {unknown}
 h - 2 scrolls of blinking {unknown}
 i - 3 scrolls of teleportation {unknown}
 j - 3 scrolls of poison {unknown}
 m - 3 scrolls of magic mapping {unknown}
 n - 3 scrolls of identify {unknown}
 p - a scroll of vulnerability {unknown}
 q - a scroll of torment {unknown}
 r - a scroll of enchant weapon {unknown}
 t - 2 scrolls of brand weapon {unknown}
 x - a scroll of fear {unknown}
 B - 2 scrolls of enchant armour {unknown}
 C - a scroll of acquirement {unknown}
 H - 2 scrolls of amnesia {unknown}
 K - a scroll of noise {unknown}
Potions
 b - 4 potions of might {unknown}
 d - 2 potions of magic
 k - a potion of mutation {unknown}
 l - 7 potions of curing
 w - a potion of haste {unknown}
 z - 4 potions of heal wounds {unknown}
 D - a potion of lignification {unknown}
 I - 2 potions of flight {unknown}


   Skills:
 - Level 2.0 Fighting
 + Level 3.6 Armour
 - Level 3.0 Dodging
 - Level 3.1 Stealth
 * Level 11.8 Spellcasting
 + Level 6.5 Conjurations
 - Level 1.1 Summonings
 - Level 1.1 Translocations
 + Level 5.7 Fire Magic
 - Level 1.0 Air Magic
 - Level 1.0 Earth Magic
 - Level 1.0 Poison Magic
 - Level 2.0 Evocations


You had 16 spell levels left.
You knew the following spells:

 Your Spells              Type           Power      Damage    Failure   Level
a - Magic Dart            Conj           100%       1d8       1%          1
b - Mephitic Cloud        Conj/Pois/Air  28%        N/A       4%          3
c - Call Imp              Summ           19%        N/A       4%          2
d - Blink                 Tloc           38%        N/A       4%          2
e - Shock                 Conj/Air       100%       1d9       1%          1
f - Stone Arrow           Conj/Erth      64%        3d11      2%          3
g - Swiftness             Air            19%        N/A       9%          3

Your spell library contained the following spells:

 Spells                   Type           Power      Damage    Failure   Level
 Slow                     Hex            56%        N/A       4%          1
 Cigotuvi's Dreadful Rot  Necr/Pois/Air  34%        N/A       4%          2
 Airstrike                Air            9%         2d(2-18)  28%         4
 Animate Armour           Summ/Erth      38%        N/A       28%         4
 Animate Dead             Necr           14%        N/A       41%         4
 Borgnjor's Vile Clutch   Necr/Erth      8%         N/A       69%         5
 Death Channel            Necr           7%         N/A       100%        6
 Lehudib's Crystal Spear  Conj/Erth      16%        10d5      100%        8


Dungeon Overview and Level Annotations

Branches:
Dungeon (7/15)             Temple (1/1) D:4

Altars:
Ashenzari
Elyvilon
Fedhas
Gozag
Makhleb
Nemelex Xobeh
Okawaru
Qazlal
Ru
Trog
Uskayaw
Wu Jian
Xom
Yredelemnul
Zin
The Shining One
Lugonu

Shops:
D:1 *   D:2 *   D:5 ![

Portals:
Abyss: D:4


Message History

The zap hits the wight.
The wight is severely damaged.
The zap misses the orc priest.
The zap hits the wight.
The wight is heavily damaged.
Casting: Shock (safe; 1% risk of failure)
Confirm with . or Enter, or press ? or * to list all spells.
Aiming: Shock (safe; 1% risk of failure)
Press: ? - help, Shift-Dir - straight line, f/p - orc priest
Aim: an orc priest, wielding a +0 hand axe (heavily wounded, 74% to hit)
The zap hits the wight.
You destroy the wight!
The zap hits the orc priest.
The orc priest is heavily wounded.
The zap hits the wight!
You destroy the wight!
Casting: Shock (safe; 1% risk of failure)
Confirm with . or Enter, or press ? or * to list all spells.
Aiming: Shock (safe; 1% risk of failure)
Press: ? - help, Shift-Dir - straight line, f/p - orc priest
Aim: an orc priest, wielding a +0 hand axe (heavily wounded, 74% to hit)
The zap hits the orc priest.
The orc priest is severely wounded.
The orc priest invokes the aid of Beogh against you.
Pain shoots through your body!
* * * LOW HITPOINT WARNING * * *
Casting: Shock (safe; 1% risk of failure)
Confirm with . or Enter, or press ? or * to list all spells.
Aiming: Shock (safe; 1% risk of failure)
Press: ? - help, Shift-Dir - straight line, f/p - orc priest
Aim: an orc priest, wielding a +0 hand axe (severely wounded, 74% to hit)
The zap hits the orc priest.
You kill the orc priest!
Unknown command.
Things that are here:
a +0 hand axe; an orc skeleton
Things that are here:
3 stones; a +0 whip; a kobold skeleton The orc priest mumbles some strange prayers to Beogh against you.
Beogh smites you!
You die...

#....##T. #.##.)....#....
##...### ###o#............
#....### #.)).).###.#.....
##.....####......#
#....... ##.......#z)(...#
#..#.... ##......'([....#
#..#.... ###....#.##.###
#..#....
######.#..#####..#....
#.##.@.#.##.......##.#
###.#..#...##...........
###.......)........###.#.#
#.....<.....###....#......
#####.##.#### #...##......
#....# #...##...... #..###
#...##...... #..#
#[..######## #### #...#


You could see a wight and an orc priest.

Vanquished Creatures
  A hornet (D:7)
  Grinder (D:4)
  Prince Ribbit (D:6)
  A wyvern (D:5)
  A steam dragon (D:6)
  Menkaure (D:4)
  A sky beast (D:6)
  3 ogres
  A black bear (D:4)
  A centaur (D:6)
  Blork the orc (D:4)
  A kobold brigand (D:7)
  2 bullfrogs
  A necrophage (D:4)
  2 scorpions
  2 wights (D:7)
  A howler monkey (D:6)
  A jelly (D:6)
  4 hounds
  6 orc priests
  Crazy Yiuf (D:3)
  6 iguanas
  11 orc wizards
  9 adders
  2 shadow imps (D:7)
  A white imp (D:6)
  An ufetubus (D:4)
  A worm (D:2)
  2 dart slugs (D:2)
  17 orcs
  4 ball pythons
  2 endoplasms
  2 giant cockroaches
  10 goblins
  5 hobgoblins
  5 jackals
  11 kobolds
  2 quokkas
  6 frilled lizards
  4 rats
135 creatures vanquished.

Vanquished Creatures (collateral kills)
  An adder (D:3)
  An orc (D:3)
  A rat (D:3)
3 creatures vanquished.

Vanquished Creatures (others)
  An ufetubus (D:6)
1 creature vanquished.

Grand Total: 139 creatures vanquished

Notes
Turn   | Place    | Note
-------+----------+-------------------------------------------
     0 | D:1      | pokeman the Deep Elf Hedge Wizard began the quest for the
                  | Orb.
     0 | D:1      | Reached XP level 1. HP: 10/10 MP: 7/7
   258 | D:1      | Found Veump's General Store.
   265 | D:1      | Reached XP level 2. HP: 15/15 MP: 3/9
   979 | D:2      | Reached skill level 5 in Spellcasting
  1129 | D:2      | Reached XP level 3. HP: 20/20 MP: 7/11
  1133 | D:2      | Learned a level 3 spell: Mephitic Cloud
  1136 | D:2      | Learned a level 2 spell: Call Imp
  1139 | D:2      | Learned a level 2 spell: Blink
  1279 | D:2      | Found Vusazag's Assorted Antiques.
  1465 | D:2      | Reached skill level 1 in Fighting
  1587 | D:2      | Reached skill level 1 in Armour
  2119 | D:3      | Reached XP level 4. HP: 25/25 MP: 6/13
  2254 | D:3      | Learned a level 1 spell: Shock
  2258 | D:3      | Learned a level 3 spell: Swiftness
  2591 | D:3      | Found a runed translucent door.
  2592 | D:3      | Noticed Crazy Yiuf
  3046 | D:3      | Killed Crazy Yiuf
  3172 | D:4      | Reached skill level 6 in Spellcasting
  3172 | D:4      | Reached XP level 5. HP: 22/29 MP: 9/15
  3280 | D:4      | Reached skill level 1 in Poison Magic
  3281 | D:4      | Reached skill level 1 in Air Magic
  3358 | D:4      | Noticed an ogre
  3376 | D:4      | Killed an ogre
  3377 | D:4      | Reached skill level 1 in Fire Magic
  3377 | D:4      | Reached skill level 1 in Evocations
  3377 | D:4      | Reached XP level 6. HP: 34/34 MP: 4/17
  3416 | D:4      | Reached skill level 7 in Spellcasting
  3536 | D:4      | Noticed Menkaure
  3558 | D:4      | Killed Menkaure
  3559 | D:4      | Reached XP level 7. HP: 10/38 MP: 7/20
  3675 | D:4      | Found a large runed translucent door.
  3676 | D:4      | Found a large runed translucent door.
  3676 | D:4      | Found a corrupted altar of Lugonu.
  3701 | D:4      | Found a one-way gate to the infinite horrors of the Abyss.
  3891 | D:4      | Noticed Blork the orc
  3904 | D:4      | Noticed Grinder
  4019 | D:4      | Killed Blork the orc
  4020 | D:4      | Reached skill level 8 in Spellcasting
  4048 | D:4      | Killed Grinder
  4177 | D:4      | Found a staircase to the Ecumenical Temple.
  4190 | Temple   | Entered the Ecumenical Temple
  4840 | D:5      | Entered Level 5 of the Dungeon
  4840 | D:5      | Found Vyupam Jiad's Antique Armour Boutique.
  4851 | D:5      | Reached XP level 8. HP: 44/44 MP: 12/22
  4965 | D:5      | Found Riohib's Distillery.
  4973 | D:5      | Bought a potion of curing for 42 gold pieces
  4973 | D:5      | Bought a potion of degeneration for 14 gold pieces
  5024 | D:5      | Found Xevoogh's Antique Weapon Emporium.
  5062 | D:5      | Reached skill level 9 in Spellcasting
  5159 | D:5      | Found a basalt altar of Yredelemnul.
  5307 | D:5      | Reached skill level 5 in Conjurations
  5349 | D:5      | Found an iron altar of Okawaru.
  5726 | D:6      | Noticed Prince Ribbit
  5736 | D:6      | Killed Prince Ribbit
  5737 | D:6      | Reached skill level 10 in Spellcasting
  6219 | D:6      | Reached XP level 9. HP: 43/48 MP: 13/25
  6580 | D:6      | Reached skill level 5 in Fire Magic
  6613 | D:6      | Reached skill level 11 in Spellcasting
  6761 | D:6      | Learned a level 3 spell: Stone Arrow
  7415 | D:7      | Reached skill level 1 in Earth Magic
  7782 | D:7      | Noticed a troll
  7782 | D:7      | Noticed a troll
  7847 | D:7      | Killed from afar by an orc priest

Illustrated notes

Levels and vault maps discovered:
D:1:      saegor_arrival_simple_e, layout_basic, serial_shops, shop
D:2:      layout_basic, serial_shops, shop_fountains
D:3:      layout_basic, minmay_vboxes, uniq_crazy_yiuf_cottage
D:4:      due_chaos_kobolds, layout_loops_ring, minmay_temple_entry_arrows,
          minivault_14, kennysheep_path_1, uniq_grinder, uniq_menkaure,
          uniq_blork_the_orc
D:5:      layout_basic, serial_shops, shop_statue, shop_statue,
          nicolae_stop_n_shop_1, hangedman_feature_mirror, chequers_big_river
D:6:      layout_loops_corners, uniq_prince_ribbit1
D:7:      layout_rooms, lightli_corner_chamber, uniq_joseph
Temple:   regret_index_temple_generic_petals

Skill      XL: |  1  2  3  4  5  6  7  8  9 |
---------------+----------------------------+-----
Spellcasting   | 5 6 7 8 10 11 | 11.8
Fighting       | 1 2 |  2.0
Armour         | 1 2 3 |  3.6
Conjurations   | 2 3 4 5 6 |  6.5
Dodging        | 3 |  3.0
Stealth        | 3 |  3.1
Poison Magic   | 1 |  1.0
Air Magic      | 1 |  1.0
Fire Magic     | 1 2 3 4 5 |  5.7
Evocations     | 1 2 |  2.0
Earth Magic    | 1 |  1.0
Summonings     | |  1.1
Translocations | |  1.1

Action                   |  1- 3 |  4- 6 |  7- 9 || total
-------------------------+-------+-------+-------++-------
Melee: Dagger            |     9 |    22 |    83 ||   114
 Cast: Magic Dart        |   110 |     6 |     7 ||   123
       Shock             |       |    50 |   161 ||   211
       Mephitic Cloud    |       |     5 |    27 ||    32
       Call Imp          |       |     3 |     2 ||     5
       Stone Arrow       |       |       |    10 ||    10
       Swiftness         |       |       |     1 ||     1
 Stab: Confused          |       |     1 |     4 ||     5
       Sleeping          |       |     1 |       ||     1
Armor: Leather armour    |     2 |     5 |    12 ||    19
       Steam dragon scal |       |       |    16 ||    16
Dodge: Dodged            |    13 |    20 |    87 ||   120

Table legend: (Time is in decaauts)
 A = Elapsed time spent in this place.
 B = Non-inter-level travel time spent in this place.
 C = Inter-level travel time spent in this place.
 D = Time resting spent in this place.
 E = Time spent auto-exploring this place.
 F = Levels seen in this place.
 G = Mean time per level.
                   A        B        C        D        E       F      G
               +--------+--------+--------+--------+--------+-----+--------+
         Total |   7860 |   7492 |    368 |    593 |   5663 |   8 |  982.5 |
       Dungeon |   7609 |   7275 |    334 |    593 |   5457 |   7 | 1087.0 |
        Temple |    251 |    217 |     34 |      0 |    206 |   1 |  251.0 |
               +--------+--------+--------+--------+--------+-----+--------+

Top non-repeatable levels by time:
     D:6: 1584 daAuts
     D:4: 1478 daAuts
     D:3: 1334 daAuts
     D:2: 976 daAuts
     D:1: 932 daAuts
     D:5: 894 daAuts
     D:7: 408 daAuts
  Temple: 251 daAuts
